 Dungeon Crawl Stone Soup version 0.19.1 (console) character file.

55 Jesseh the Chiller (level 3, 0/24 HPs)
             Began as a Merfolk Ice Elementalist on Nov 23, 2016.
             Slain by a jackal (1 damage)
             ... on level 2 of the Dungeon.
             The game lasted 00:04:16 (842 turns).

Jesseh the Chiller (Merfolk Ice Elementalist)        Turns: 842, Time: 00:04:17

Health: 0/24       AC:  2    Str:  8    XL:     3   Next: 93%
Magic:  0/7        EV: 13    Int: 14    God:
Gold:   39         SH:  0    Dex: 15    Spells: 2 memorised, 4 levels left

rFire  . . .     SeeInvis .     e - +0 dagger
rCold  . . .     Gourm    .     a - +0 robe
rNeg   . . .     Faith    .     (no shield)
rPois  .         Spirit   .     (no helmet)
rElec  .         Reflect  .     (no cloak)
rCorr  .         Harm     .     (no gloves)
MR     .....                    (no boots)
Stlth  ++........               (no amulet)
                                (no ring)
                                (no ring)

@: no status effects
A: change form in water, swift swim, stealthy swim
a: no special abilities


You were on level 2 of the Dungeon.
You were not hungry.

You visited 1 branch of the dungeon, and saw 2 of its levels.

You collected 39 gold pieces.

Inventory:

Hand Weapons
 e - a +0 dagger (weapon)
   (You took it off a goblin on level 1 of the Dungeon)
 l - a +2 whip of electrocution
   (You took it off a kobold on level 1 of the Dungeon)
Armour
 a - a +0 robe (worn)
 i - a +0 scale mail
   (You found it on level 1 of the Dungeon)
Scrolls
 g - a scroll of noise {unknown}
 j - 2 scrolls of identify {unknown}
 k - a scroll of amnesia {unknown}
Potions
 m - a potion of beneficial mutation {unknown}
Books
 b - a book of Frost
Comestibles
 c - 2 bread rations
 d - a royal jelly
 f - 2 meat rations
 h - 5 fruits
 n - 2 chunks of flesh


   Skills:
 - Level 2.6 Dodging
 - Level 2.1 Stealth
 - Level 3.0 Spellcasting
   Level 0.7 Conjurations
 * Level 1.3 Charms
 + Level 4.0 Ice Magic


You had 4 spell levels left.
You knew the following spells:

 Your Spells              Type           Power        Failure   Level  Hunger
a - Freeze                Ice            ##..         4%          1    #......
b - Ozocubu's Armour      Chrm/Ice       #.......     24%         3    ###....


Dungeon Overview and Level Annotations

Branches:
Dungeon (2/15)

Altars:


Message History

You freeze the hobgoblin. The hobgoblin hits you with a club.
Aim: a hobgoblin, wielding a club (heavily wounded)
You freeze the hobgoblin.
You kill the hobgoblin!
You see here a club.
You see here 12 arrows.
You now have 39 gold pieces (gained 9).
You see here a hand axe.
You see here 12 arrows.
g - a scroll labeled SOMMUJ NAIB
n - 2 chunks of flesh You see here an adder skeleton.
You see here a dagger.
You see here a club.
Found a stone staircase leading down.
An adder comes into view.
The adder hisses angrily.
A jackal comes into view.
You see here a bread ration.
c - 2 bread rations (gained 1)
Aim: an adder You freeze the adder.
The adder seems to slow down.
The jackal barks!
The adder bites you.
You barely miss the adder. The adder bites you.
A jackal comes into view.
The jackal barks!
You hit the adder but do no damage. The adder closely misses you.
A jackal comes into view.
The jackal barks!
You hit the adder but do no damage. The adder barely misses you.
The jackal bites you.
A jackal and a hobgoblin come into view.
The jackal barks!
You hit the adder. The jackal bites you. The adder bites you.
Aim: an adder (almost dead, slow)
You freeze the adder.
You kill the adder!
The jackal closely misses you.
An adder comes into view.
Aim: a jackal You freeze the jackal.
You kill the jackal!
The adder hisses angrily.
The jackal closely misses you.
The jackal bites you but does no damage.
A hobgoblin comes into view. It is wielding a club.
The jackal bites you but does no damage.
Aim: a jackal You freeze the jackal.
Aim: a jackal (heavily wounded)
You freeze the jackal. The jackal completely misses you.
The adder barely misses you. The jackal closely misses you.
Aim: a jackal (severely wounded)
You freeze the jackal.
You kill the jackal!
The adder closely misses you.
You don't have enough magic to cast that spell.
Unknown command.
The adder bites you. x2
* * * LOW HITPOINT WARNING * * *
You see here a jackal corpse.
You see here 19 stones.
The adder barely misses you. The adder bites you.
* * * LOW HITPOINT WARNING * * *
The adder bites you but does no damage. The adder barely misses you.
You see here a hand axe.
The adder closely misses you.
Aim: an adder You freeze the adder.
The adder closely misses you. The adder closely misses you.
You don't have enough magic to cast that spell.
Unknown command.
The adder barely misses you.
Aim: an adder (heavily wounded)
You freeze the adder. The jackal barely misses you. The adder misses you.
The jackal closely misses you. The jackal misses you.
You see here a dagger.
The adder misses you.
You don't have enough magic to cast that spell.
Unknown command.
You barely miss the adder. The jackal bites you.
* * * LOW HITPOINT WARNING * * *
The adder closely misses you. The jackal barely misses you.
The jackal barely misses you.
You barely miss the adder. The adder bites you.
* * * LOW HITPOINT WARNING * * *
The jackal bites you.
* * * LOW HITPOINT WARNING * * *
The jackal closely misses you. The adder barely misses you.
You hit the adder.
You kill the adder!
Your Charms skill increases to level 1!
Your Ice Magic skill increases to level 4!
The jackal bites you.
* * * LOW HITPOINT WARNING * * *
The jackal misses you. The jackal bites you.
You die...

▒▒...▒▒▒.▒▒
▒▒.....▒..▒
▒........▒▒
▒.....()▒▒
▒.......▒
▒▒.....▒▒
▒▒...).▒▒
▒...÷.hg▒
▒...).hm▒
▒.......▒
▒▒.....▒▒
▒▒...▒▒
▒▒▒▒▒


You could see 2 jackals and a hobgoblin.

Vanquished Creatures
  3 adders (D:2)
  An ooze (D:1)
  A leopard gecko (D:1)
  A giant cockroach (D:1)
  3 hobgoblins
  2 jackals (D:2)
  3 bats (D:1)
  A frilled lizard (D:1)
  2 goblins (D:1)
  4 kobolds
  4 rats (D:1)
25 creatures vanquished.

Notes
Turn   | Place    | Note
-------+----------+-------------------------------------------
     0 | D:1      | Jesseh the Merfolk Ice Elementalist began the quest for the Orb.
     0 | D:1      | Reached XP level 1. HP: 13/13 MP: 3/3
   175 | D:1      | Reached XP level 2. HP: 14/19 MP: 0/5
   747 | D:2      | Reached skill level 3 in Spellcasting
   747 | D:2      | Reached XP level 3. HP: 24/24 MP: 2/7
   756 | D:2      | Learned a level 3 spell: Ozocubu's Armour
   821 | D:2      | HP: 6/24 [adder (2)]
   839 | D:2      | HP: 6/24 [jackal (1)]
   841 | D:2      | HP: 2/24 [jackal (2)]
   842 | D:2      | Reached skill level 1 in Charms
   842 | D:2      | Reached skill level 4 in Ice Magic
   842 | D:2      | Slain by a jackal

Skill      XL: |  1  2  3 |
---------------+----------+-----
Spellcasting   | 3 |  3.0
Charms         | 1 |  1.3
Ice Magic      | 4 |  4.0
Dodging        | |  2.6
Stealth        | |  2.1
Conjurations   | |  0.7

Action                   || total
-------------------------++-------
Melee: Dagger            ||    37
       Unarmed           ||     1
 Cast: Freeze            ||    39
Armor: Robe              ||    11
Dodge: Dodged            ||    73

Vault maps used:
D:1:      evilmike_arrival_hilbert_curve
D:2:      minivault_27

Table legend:
 A = Turns spent in this place as a percentage of turns spent in the entire game.
 B = Non-inter-level travel turns spent in this place as a percentage of non-inter-level travel turns spent in the entire game.
 C = Inter-level travel turns spent in this place as a percentage of turns spent in this place.
 D = Turns resting spent in this place as a percentage of non-inter-level travel turns spent in this place.
 E = Turns spent auto-exploring this place as a percentage of non-inter-level travel turns spent in this place.
 F = Non-inter-level travel turns spent in this place divided by the number of levels of this place that you've seen.
                   A       B       C       D       E      F
               +-------+-------+-------+-------+-------+----------------------
         Total | 100.0 | 100.0 |   0.4 |   1.1 |   8.5 | 140.5
       Dungeon | 100.0 | 100.0 |   0.4 |   1.1 |   8.5 | 140.5
               +-------+-------+-------+-------+-------+----------------------

Table legend:
 A = Kills in this place as a percentage of kills in entire the game.
 B = Kills by you in this place as a percentage of kills by you in the entire game.
 C = Kills by friends in this place as a percentage of kills by friends in the entire game.
 D = Other kills in this place as a percentage of other kills in the entire game.
 E = Experience gained in this place as a percentage of experience gained in the entire game.
 F = Experience gained in this place divided by the number of levels of this place that you have seen.
                   A       B       C       D       E      F
               +-------+-------+-------+-------+-------+----------------------
         Total | 100.0 | 100.0 |  -nan |  -nan | 100.0 |  39.5
       Dungeon | 100.0 | 100.0 |  -nan |  -nan | 100.0 |  39.5
               +-------+-------+-------+-------+-------+----------------------
